[Event "Late-Titled-Tuesday-Blitz-June-18-2024"]
[Site "Chess.com"]
[Date "2024.06.18"]
[Round "4"]
[White "moro182"]
[Black "malakismayil"]
[Result "1/2-1/2"]
[WhiteElo "2910"]
[BlackElo "2566"]
[TimeControl "180+1"]
[EndTime "14:44:25 PDT"]
[Termination "Game drawn - insufficient material"]

1. d4 d5 2. Bf4 e6 3. e3 Nf6 4. Nf3 Bd6 5. Nbd2 O-O 6. Bd3 c5 7. dxc5 Bxc5 8. O-O Nc6 9. e4 dxe4 10. Nxe4 Nxe4 11. Bxe4 Qf6 12. Bc1 Rd8 13. Qe2 h6 14.
c3 Bd7 15. Be3 Bxe3 16. Qxe3 Be8 17. h3 b6 18. Rad1 Rac8 19. Rfe1 Na5 20. Ne5 Kf8 21. Bf3 Rxd1 22. Rxd1 Nc4 23. Nxc4 Rxc4 24. Qd3 Rc8 25. Bb7 Rc7 26. Qd6+ Qe7 27. Be4 Qxd6 28. Rxd6 Ke7 29. Rd2 Bc6 30. Bxc6 Rxc6 31. Kf1 Rd6 32.
Rc2 Rd1+ 33. Ke2 Rg1 34. Kf3 Rd1 35. c4 Rd7 36. b3 Kd6 37. b4 Kc6 38. Ke4 Rd1 39.
c5 Rb1 40. a3 Rb3 41. cxb6+ Kxb6 42. Ra2 Rc3 43. Kd4 Rc1 44. a4 Rb1 45. Kc3 Rc1+ 46. Kb3 Rb1+ 47. Kc4 Rc1+ 48. Kd4 Rd1+ 49. Ke5 Rd5+ 50. Ke4 Rd1 51. Rc2 Rd7 52. g4 Rd1 53. f4 Rd7 54. Rc5 Rd1 55. a5+ Kb7 56. Ke5 Rb1 57.
Rc4 Rd1 58. f5 Rd5+ 59. Ke4 Rd7 60. fxe6 fxe6 61. Ke5 Rd3 62. h4 Re3+ 63. Kd6 Ka6 64. Kc6 Rg3 65. h5 Re3 66. Kd6 Re2 67. Kc5 e5 68.
Kc6 e4 69. Rc3 Rb2 70. Rc5 Rxb4 71. Re5 Ra4 72. Re6 Kxa5 73. Re5+ Ka6 74. Re7 Rc4+ 75.
Kd5 Rb4 76. Rxg7 e3 77. Rg6+ Ka5 78. Rxh6 Rxg4 79. Re6 Rh4 80. Re5 Kb5 81. Ke6+ Kc6 82. Kf6 a6 83. Kg6 Rh3 84. h6 Kb6 85. Re6+ Kb5 86. h7 a5 87. Re5+ Kb4 88. Rh5 Rg3+ 89.
Kh6 e2 90. h8=Q e1=Q 91. Qd4+ Kb3 92. Rb5+ Ka2 93. Qc4+ Ka3 94. Qc5+ Ka4 95. Qc4+ Ka3 96. Qc5+ Ka4 97. Rxa5+ Qxa5 98. Qc2+ Kb4 99. Qd2+ Kb5 100.
Qe2+ Kb6 101. Qf2+ Qc5 102. Qxg3 Qc6+ 103. Kg7 Qc7+ 104. Qxc7+ Kxc7 1/2-1/2

[Event "Late-Titled-Tuesday-Blitz-June-18-2024"]
[Site "Chess.com"]
[Date "2024.06.18"]
[Round "4"]
[White "scandalgod"]
[Black "Duhless"]
[Result "0-1"]
[WhiteElo "2620"]
[BlackElo "3095"]
[TimeControl "180+1"]
[EndTime "14:44:28 PDT"]
[Termination "Duhless won on time"]

1. d4 Nf6 2. c4 e6 3. g3 d5 4. Nf3 Be7 5. Bg2 O-O 6. O-O dxc4 7. Ne5 Nc6 8. Nxc6 bxc6 9. Na3 Bxa3 10. bxa3 Rb8 11. a4 Qd6 12. Bf4 Qe7 13. Qc2 Nd5 14.
Qxc4 Rb4 15. Qc1 Ba6 16. Re1 Rc4 17. Qd2 Rxa4 18. Rec1 Bb5 19. Bg5 Qb4 20. Qxb4 Nxb4 21.
a3 Nd5 22. e4 Nf6 23. Bxf6 gxf6 24. e5 f5 25. Bxc6 Bxc6 26. Rxc6 Rxd4 27. Rxc7 Ra4 28.
Kg2 h5 29. Ra2 h4 30. Rd7 Kg7 31. Re7 Kg6 32. Rb2 Rxa3 33. Rbb7 Ra5 34. Rxa7 Rxe5 35. Ra4 hxg3 36. hxg3 Kf6 37. Rb7 Rd5 38. Raa7 Rd4 39. Rc7 Rg4 40. Kf3 Rb4 41. Kg2 Kg6 42. Kf3 Rd4 43. Kg2 Rd3 44. Rd7 Rc3 45. Rdc7 Rxc7 46. Rxc7 Ra8 47. Rb7 Ra4 48. Rb6 Kg5 49. Rb5 Kf6 50. Rb6 Ra3 51. Rb4 Rd3 52. Rb6 Kg7 53.
Rb7 Kg6 54. Rb6 Ra3 55. Rb5 Kf6 56. Rb6 Kg7 57. Rb7 Ra5 58. Rb1 Ra7 59. Rb5 Kf6 60.
Rc5 e5 61. Rc6+ Ke7 62. Rh6 Ra2 63. Kf3 Ra3+ 64. Ke2 f6 65. Rh5 Ke6 66. Rh8 Kd5 67.
Rf8 Ra2+ 68. Ke3 Ra3+ 69. Ke2 Ra6 70. Rb8 Ra2+ 71. Ke3 Ra3+ 72. Ke2 Ke6 73. Rb6+ Kf7 74. Rb8 Ra4 75. Ke3 Ra7 76. Rb6 Rd7 77. Ke2 Ke7 78. Ke3 Rd6 79. Rb8 Ke6 80. Rb5 Rc6 81. Ra5 Kd6 82.
Rb5 Rc3+ 83. Ke2 Ke6 84. Rb6+ Kf7 85. Ra6 Kg6 86. Ra8 Rc7 87. Rg8+ Rg7 88. Re8 Kg5 89. Rd8 Kg4 90. Rh8 Ra7 91. Rh4+ Kg5 92. Rh8 Ra2+ 93. Ke3 Ra3+ 94. Ke2 f4 95. Rg8+ Kf5 96. gxf4 Kxf4 97. Rg6 Ra2+ 98. Kf1 f5 0-1

[Event "Late-Titled-Tuesday-Blitz-June-18-2024"]
[Site "Chess.com"]
[Date "2024.06.18"]
[Round "5"]
[White "Duhless"]
[Black "Meri-Arabidze"]
[Result "1-0"]
[WhiteElo "3096"]
[BlackElo "2669"]
[TimeControl "180+1"]
[EndTime "14:52:54 PDT"]
[Termination "Duhless won by resignation"]

1. e4 e5 2. Nf3 Nc6 3. Bc4 Nf6 4. d3 h6 5. h3 d6 6. a4 Be7 7. Nc3 O-O 8. g4 Nh7 9. Rg1 Ng5 10. Bxg5 Bxg5 11. h4 Bxh4 12. g5 hxg5 13. Nxh4 gxh4 14. Qh5 Be6 15. Qh6 1-0

[Event "Late-Titled-Tuesday-Blitz-June-18-2024"]
[Site "Chess.com"]
[Date "2024.06.18"]
[Round "5"]
[White "Kaustubh_Kodihalli"]
[Black "GothamChess"]
[Result "0-1"]
[WhiteElo "2384"]
[BlackElo "2725"]
[TimeControl "180+1"]
[EndTime "14:53:14 PDT"]
[Termination "GothamChess won by resignation"]

1. e4 d5 2. exd5 Qxd5 3. d4 e5 4. dxe5 Qxd1+ 5. Kxd1 Nc6 6. Nf3 f6 7. exf6 Nxf6 8. Nc3 Bg4 9. Be3 O-O-O+ 10. Kc1 Bb4 11. a3 Bxc3 12. bxc3 Ne4 13. Kb2 Rhf8 14. Bd3 Nd6 15.
Nd4 Ne5 16. Rad1 Bxd1 17. Rxd1 Nec4+ 18. Bxc4 Nxc4+ 19. Kb3 Nxe3 20. fxe3 c5 0-1

[Event "Late-Titled-Tuesday-Blitz-June-18-2024"]
[Site "Chess.com"]
[Date "2024.06.18"]
[Round "5"]
[White "Perecke"]
[Black "Individoom"]
[Result "0-1"]
[WhiteElo "2535"]
[BlackElo "2799"]
[TimeControl "180+1"]
[EndTime "14:53:35 PDT"]
[Termination "Individoom won by resignation"]

1. d4 Nf6 2. c4 g6 3. Nc3 Bg7 4. e4 d6 5. f4 O-O 6. Nf3 c5 7. d5 e6 8. Bd3 exd5 9. cxd5 b5 10. O-O b4 11. Ne2 Re8 12. Ng3 c4 13. Bc2 Qb6+ 14.
Kh1 Ba6 15. Re1 Ng4 16. Qe2 c3 17. Bd3 Bxd3 0-1

[Event "Late-Titled-Tuesday-Blitz-June-18-2024"]
[Site "Chess.com"]
[Date "2024.06.18"]
[Round "5"]
[White "szachmistrz2500"]
[Black "Lupul_Cenusiu"]
[Result "0-1"]
[WhiteElo "2495"]
[BlackElo "2683"]
[TimeControl "180+1"]
[EndTime "14:53:35 PDT"]
[Termination "Lupul_Cenusiu won by checkmate"]

1. e4 c6 2. d4 d5 3. Nc3 dxe4 4. Nxe4 Nf6 5. Nxf6+ exf6 6. c3 Bd6 7. Bd3 O-O 8. Qc2 Re8+ 9. Ne2 h5 10. O-O h4 11. h3 Nd7 12. c4 Nf8 13. c5 Bb8 14. Be3 Qc7 15. Rfe1 Qh2+ 16. Kf1 Bxh3 17. gxh3 Qxh3+ 18. Kg1 Bh2+ 19. Kh1 Rxe3 20. fxe3 Bg3+ 21.
Kg1 Qh2+ 22. Kf1 Qf2# 0-1

[Event "Late-Titled-Tuesday-Blitz-June-18-2024"]
[Site "Chess.com"]
[Date "2024.06.18"]
[Round "5"]
[White "ToddBryant"]
[Black "BillCoe"]
[Result "0-1"]
[WhiteElo "2367"]
[BlackElo "2103"]
[TimeControl "180+1"]
[EndTime "14:53:49 PDT"]
[Termination "BillCoe won by checkmate"]

1. e4 c5 2. Nf3 e6 3. d4 cxd4 4. Nxd4 a6 5. Bd3 b5 6. O-O Bb7 7. Qe2 Qc7 8. c4 bxc4 9. Bxc4 Bc5 10. Nb3 Ba7 11. Nc3 Ne7 12. Bd3 Nbc6 13. Qg4 Ng6 14. h4 Nce5 15. Qg3 Rc8 16. h5 Nxd3 17. hxg6 Qxg3 18. gxf7+ Kxf7 19. Be3 Bxe3 20. fxe3+ Ke7 21. Rf3 Qg5 22. Raf1 Rhf8 23. Ne2 Ne5 24. Rg3 Rxf1+ 25. Kxf1 Ng4 26. Nf4 Nxe3+ 27. Rxe3 Qxf4+ 28. Rf3 Qxe4 29. Nd2 Rc1+ 30. Kf2 Qe1# 0-1

[Event "Late-Titled-Tuesday-Blitz-June-18-2024"]
[Site "Chess.com"]
[Date "2024.06.18"]
[Round "5"]
[White "ZverevLev"]
[Black "Hikaru"]
[Result "0-1"]
[WhiteElo "2732"]
[BlackElo "3295"]
[TimeControl "180+1"]
[EndTime "14:54:05 PDT"]
[Termination "Hikaru won by resignation"]

1. e4 g6 2. d4 Bg7 3. Nc3 c6 4. Be3 d5 5. e5 Nh6 6. Qd2 Nf5 7. O-O-O Nxe3 8. Qxe3 b5 9. Bd3 Nd7 10. f4 Qa5 11. Kb1 Nb6 12. Nf3 Rb8 13. Nd2 Nc4 14.
Qe2 b4 15. Nb3 bxc3 16. Nxa5 Na3+ 17. Kc1 Rxb2 0-1

[Event "Late-Titled-Tuesday-Blitz-June-18-2024"]
[Site "Chess.com"]
[Date "2024.06.18"]
[Round "5"]
[White "i_like_explosions"]
[Black "LaStreetCmaMaison"]
[Result "1-0"]
[WhiteElo "2443"]
[BlackElo "2605"]
[TimeControl "180+1"]
[EndTime "14:54:05 PDT"]
[Termination "i_like_explosions won by resignation"]

1. d4 d5 2. c4 e5 3. dxe5 d4 4.
Nf3 Nc6 5. a3 Nge7 6. b4 Ng6 7.
Bb2 a5 8. b5 Ncxe5 9. Nxe5 Nxe5 10. Qxd4 Qxd4 11. Bxd4 Nxc4 12. e3 Nd6 13. Be2 f6 14.
O-O Bf5 15. Nc3 Be6 16. Bf3 Be7 17. Bc5 Rb8 18. Bd4 b6 19. Rfc1 Kf7 20. a4 Rhc8 21. Nd5 Bd8 22. Nf4 Bb3 23. Bc6 g6 24. Bd7 g5 25.
Bxc8 gxf4 26. Bd7 fxe3 27. Bxe3 f5 28. Bf4 Ke7 29. Bc6 Ke6 30. Ra3 Bd5 31. Re3+ Ne4 32. f3 Bf6 33. fxe4 fxe4 34. Bxd5+ Kxd5 35. Ree1 Rf8 36. Red1+ Ke6 37. Rc6+ Kf5 38. Be3 Ke5 39.
Bd4+ 1-0

[Event "Late-Titled-Tuesday-Blitz-June-18-2024"]
[Site "Chess.com"]
[Date "2024.06.18"]
[Round "5"]
[White "AsaHoffmann"]
[Black "canhhuan"]
[Result "0-1"]
[WhiteElo "2345"]
[BlackElo "2503"]
[TimeControl "180+1"]
[EndTime "14:54:10 PDT"]
[Termination "canhhuan won by resignation"]

1. d4 Nf6 2. Bg5 h6 3. Bh4 c6 4.
Nd2 Qb6 5. Nb3 d5 6. e3 Bf5 7.
Bd3 Bxd3 8. Qxd3 Nbd7 9. f4 g5 10. fxg5 hxg5 11. Bxg5 Rg8 12. Nf3 Ne4 13. h4 f6 14. Bf4 e5 15. dxe5 Bb4+ 16. c3 Rxg2 17. O-O-O Bxc3 18. bxc3 Rxa2 19. Qb1 Rg2 20. Rhg1 Nxc3 21.
Rxg2 Nxb1 22. Rg8+ Nf8 23. Kxb1 Qxb3+ 24. Kc1 d4 25. Rg7 dxe3 26. exf6 Qc3+ 27. Kb1 Qxf6 28.
Rg4 Qf5+ 29. Kb2 Qxg4 0-1

[Event "Late-Titled-Tuesday-Blitz-June-18-2024"]
[Site "Chess.com"]
[Date "2024.06.18"]
[Round "5"]
[White "malakismayil"]
[Black "js20000"]
[Result "0-1"]
[WhiteElo "2563"]
[BlackElo "2806"]
[TimeControl "180+1"]
[EndTime "14:54:13 PDT"]
[Termination "js20000 won by resignation"]

1. e4 d6 2. d4 Nf6 3. Nc3 e6 4. Be3 a6 5. f3 b5 6. Qd2 Bb7 7. g4 Nbd7 8. a4 b4 9. Nce2 Nb6 10. Nc1 d5 11. e5 Nfd7 12. Nb3 Nc4 13. Bxc4 dxc4 14.
Nc1 c5 15. Qf2 cxd4 16. Bxd4 Qc7 17. Qe3 Bc5 18. c3 Bxd4 19. cxd4 Nb6 20. Nge2 Nd5 21. Qg5 h6 22. Qxg7 O-O-O 23. O-O Rdg8 0-1

[Event "Late-Titled-Tuesday-Blitz-June-18-2024"]
[Site "Chess.com"]
[Date "2024.06.18"]
[Round "5"]
[White "egnfanclub"]
[Black "Chessdreamer2020"]
[Result "0-1"]
[WhiteElo "2345"]
[BlackElo "2567"]
[TimeControl "180+1"]
[EndTime "14:54:17 PDT"]
[Termination "Chessdreamer2020 won by resignation"]

1. e4 d6 2. Nc3 Nf6 3. f4 d5 4.
e5 d4 5. exf6 dxc3 6. bxc3 exf6 7.
Nf3 Bd6 8. d4 O-O 9. Be2 c6 10.
O-O Qc7 11. g3 Bh3 12. Rf2 Nd7 13. Bf1 Bxf1 14. Qxf1 Nb6 15. Nd2 c5 16. Ne4 Rfd8 17. Nxd6 Rxd6 18. Be3 Nd5 19. Bd2 cxd4 20. cxd4 Rc6 21.
Qg2 Rd8 22. Be1 Ne3 23. Qe4 Nxc2 24. Rc1 Nxd4 0-1

[Event "Late-Titled-Tuesday-Blitz-June-18-2024"]
[Site "Chess.com"]
[Date "2024.06.18"]
[Round "5"]
[White "SRob2003"]
[Black "jlf287"]
[Result "1-0"]
[WhiteElo "2706"]
[BlackElo "2511"]
[TimeControl "180+1"]
[EndTime "14:54:22 PDT"]
[Termination "SRob2003 won by resignation"]

1. e4 e5 2. Nf3 Nc6 3. Bb5 a6 4. Ba4 Nf6 5. O-O Be7 6. d3 b5 7. Bb3 d6 8. a4 Bd7 9. Nc3 Na5 10. Ba2 b4 11. Ne2 c5 12. Ng3 O-O 13. Bg5 Nc6 14.
Nh4 Be6 15. Nhf5 Re8 16. Qf3 Qc7 17. Bxe6 fxe6 18. Nxg7 Kxg7 19. Bxf6+ Bxf6 20. Nh5+ Kg6 21. Qxf6+ Kxh5 22. f3 Rg8 23. g4+ Rxg4+ 24. fxg4+ Kxg4 25. Rf3 1-0

[Event "Late-Titled-Tuesday-Blitz-June-18-2024"]
[Site "Chess.com"]
[Date "2024.06.18"]
[Round "5"]
[White "urano56"]
[Black "Renatoforf"]
[Result "1-0"]
[WhiteElo "2392"]
[BlackElo "2121"]
[TimeControl "180+1"]
[EndTime "14:54:56 PDT"]
[Termination "urano56 won by resignation"]

1. Nf3 c5 2. b3 Nc6 3. Bb2 d6 4. e3 e5 5. d3 Nge7 6. Nbd2 g6 7. d4 Bg7 8. dxc5 dxc5 9. Be2 O-O 10. O-O e4 11.
Bxg7 exf3 12. Bxf8 fxe2 13. Qxe2 Qxf8 14. Rad1 b6 15.
Nc4 Be6 16. Nd6 Nf5 17. Nxf5 Bxf5 18. c3 Rd8 19. e4 Be6 20. f4 Rxd1 21. Rxd1 h5 22. Qb5 Qc8 23. Qd3 Kg7 24. Qd6 Bg4 25. Rd2 Qe6 26. Qd3 Ne7 27. h3 1-0

[Event "Late-Titled-Tuesday-Blitz-June-18-2024"]
[Site "Chess.com"]
[Date "2024.06.18"]
[Round "5"]
[White "KaydenTroffChess"]
[Black "GrotBchess"]
[Result "1-0"]
[WhiteElo "2821"]
[BlackElo "2590"]
[TimeControl "180+1"]
[EndTime "14:54:57 PDT"]
[Termination "KaydenTroffChess won by checkmate"]

1. d4 Nf6 2. Nf3 e6 3. Bf4 d5 4. e3 c5 5. Nc3 Bd6 6. dxc5 Bxc5 7. Nb5 Na6 8. c3 O-O 9. Ne5 Nd7 10. Bd3 Nxe5 11. Bxe5 h6 12. h4 Bd7 13. a4 Be7 14. Bxg7 Kxg7 15. Qg4+ Kh8 16. Qh5 f5 17. Qxh6+ Kg8 18.
Rh3 Rf6 19. Rg3+ Kf7 20. Qh7+ Ke8 21. Rg8+ Bf8 22. Nd6# 1-0

[Event "Late-Titled-Tuesday-Blitz-June-18-2024"]
[Site "Chess.com"]
[Date "2024.06.18"]
[Round "5"]
[White "protectiago"]
[Black "madmax011"]
[Result "1-0"]
[WhiteElo "2154"]
[BlackElo "2380"]
[TimeControl "180+1"]
[EndTime "14:54:57 PDT"]
[Termination "protectiago won by resignation"]

1. d4 Nf6 2. c4 g6 3. Nc3 d5 4.
cxd5 Nxd5 5. e4 Nxc3 6. bxc3 Bg7 7. Be3 c5 8. Rc1 Qa5 9. Qd2 cxd4 10. cxd4 Qxd2+ 11. Kxd2 O-O 12. Bb5 a6 13. Ba4 b5 14.
Bb3 Rd8 15. Ne2 Bb7 16. f3 Nc6 17. d5 e6 18. Bg5 Rd7 19. Rhd1 Na5 20. Ke1 Nxb3 21. dxe6 Rxd1+ 22. Rxd1 Nc5 23. e7 Bc6 24. Rd8+ 1-0

[Event "Late-Titled-Tuesday-Blitz-June-18-2024"]
[Site "Chess.com"]
[Date "2024.06.18"]
[Round "5"]
[White "VaglioSagan"]
[Black "GianmarcoVaR"]
[Result "1-0"]
[WhiteElo "2516"]
[BlackElo "2687"]
[TimeControl "180+1"]
[EndTime "14:54:59 PDT"]
[Termination "VaglioSagan won by resignation"]

1. d4 g6 2. e4 Bg7 3. Nc3 d6 4. Bc4 Nc6 5. Nge2 Nf6 6. f3 Kd7 7. e5 Ne8 8. Bxf7 e6 9. d5 Nxe5 10. dxe6+ Ke7 11. Nd5+ Kf8 12. e7+ Qxe7 13. Nxe7 Kxe7 14.
Bb3 1-0

[Event "Late-Titled-Tuesday-Blitz-June-18-2024"]
[Site "Chess.com"]
[Date "2024.06.18"]
[Round "5"]
[White "Heliosis11"]
[Black "JunjiCol"]
[Result "0-1"]
[WhiteElo "2429"]
[BlackElo "2333"]
[TimeControl "180+1"]
[EndTime "14:55:00 PDT"]
[Termination "JunjiCol won by resignation"]

1. e4 e5 2. Nf3 d5 3. Nxe5 Bd6 4. d4 dxe4 5. Nc4 Nf6 6. Nxd6+ Qxd6 7. Nc3 O-O 8. Bc4 Bg4 9. Be2 Bf5 10. O-O Nc6 11. Be3 Rad8 12. Nb5 Qe7 13. c3 Nd5 14. Qc1 Bg6 15. Na3 h6 16. Nc2 f5 17. Bc4 Kh7 18.
Bxd5 Rxd5 19. Bf4 Nd8 20. Ne3 Rd7 21. Nc4 Ne6 22. Ne5 Rd5 23. Nxg6 Kxg6 24. Be5 Kh7 25. Qe3 c5 26. f4 g5 27. fxg5 Qxg5 28. Qxg5 hxg5 29. Rae1 cxd4 30. cxd4 Nxd4 31. Bxd4 Rxd4 32. Rc1 Rd7 33. Rc5 Kg6 34. g4 f4 35. Re5 e3 36.
Rxe3 fxe3 37. Rxf8 Rd1+ 38. Kg2 e2 0-1

[Event "Late-Titled-Tuesday-Blitz-June-18-2024"]
[Site "Chess.com"]
[Date "2024.06.18"]
[Round "5"]
[White "ajedrezsinlimites"]
[Black "Laico"]
[Result "1-0"]
[WhiteElo "2630"]
[BlackElo "2440"]
[TimeControl "180+1"]
[EndTime "14:55:05 PDT"]
[Termination "ajedrezsinlimites won by resignation"]

1. e4 e6 2. d4 d5 3. exd5 exd5 4. Nf3 Bg4 5. Be2 Nc6 6. O-O Qd7 7. Bf4 f6 8. Nbd2 h5 9. h3 Bf5 10. c4 g5 11. Bh2 g4 12. cxd5 Nce7 13. Nh4 gxh3 14. Nxf5 hxg2 15. Re1 Qxf5 16. Bxc7 Kd7 17. Bh2 a6 18.
Qa4+ Kd8 19. Qa5+ Ke8 20. Qa4+ Kd8 21. Bb5 Nxd5 1-0

[Event "Late-Titled-Tuesday-Blitz-June-18-2024"]
[Site "Chess.com"]
[Date "2024.06.18"]
[Round "5"]
[White "jamengrand"]
[Black "EternalNight8"]
[Result "1-0"]
[WhiteElo "2307"]
[BlackElo "2398"]
[TimeControl "180+1"]
[EndTime "14:55:08 PDT"]
[Termination "jamengrand won by resignation"]

1. e4 c5 2. Nf3 d6 3. d4 cxd4 4. Nxd4 Nf6 5. Nc3 Nc6 6. Bg5 Bd7 7. Nb3 h6 8. Bxf6 gxf6 9. Qh5 Bg7 10. O-O-O Rc8 11.
Bc4 Ne5 12. Bd5 Qc7 13. h3 e6 14. f4 Nc6 15. Bxc6 bxc6 16. Rhf1 Qb6 17. Rxd6 Ke7 18. Rxd7+ Kxd7 19. Qxf7+ Kd8 20. Rd1+ 1-0

[Event "Late-Titled-Tuesday-Blitz-June-18-2024"]
[Site "Chess.com"]
[Date "2024.06.18"]
[Round "5"]
[White "StoreySniper"]
[Black "FMalexhdez"]
[Result "1-0"]
[WhiteElo "2410"]
[BlackElo "2277"]
[TimeControl "180+1"]
[EndTime "14:55:09 PDT"]
[Termination "StoreySniper won by resignation"]

1. e4 c5 2. Nf3 d6 3. d4 cxd4 4. Nxd4 Nf6 5. f3 e5 6. Nb3 d5 7. Bg5 d4 8. c3 Nc6 9. Bb5 dxc3 10. Qxd8+ Kxd8 11. Nxc3 Be7 12. O-O-O+ Kc7 13. Bxf6 Bxf6 14. Nd5+ Kb8 15. Nxf6 gxf6 16. Bxc6 bxc6 17. Nc5 Kc7 18. Rd2 Be6 19. Rhd1 Kb6 20. Nd7+ Kb5 21. b3 f5 22. exf5 Bxd7 23. Rxd7 Rhg8 24. g3 Rg5 25. Rxf7 1-0

[Event "Late-Titled-Tuesday-Blitz-June-18-2024"]
[Site "Chess.com"]
[Date "2024.06.18"]
[Round "5"]
[White "only_strong_moves"]
[Black "Chaubunagungamaug1"]
[Result "0-1"]
[WhiteElo "2633"]
[BlackElo "2483"]
[TimeControl "180+1"]
[EndTime "14:55:11 PDT"]
[Termination "Chaubunagungamaug1 won by resignation"]

1. Nc3 c5 2. Nf3 Nf6 3. d4 d5 4. Bf4 a6 5. dxc5 e6 6. Na4 Nbd7 7. b4 a5 8. a3 Ne4 9. e3 Be7 10. Bd3 Bf6 11. Bxe4 dxe4 12. Bd6 exf3 13. Ra2 fxg2 14. Rg1 b5 15. cxb6 Nxb6 16. Nc5 Nc4 17. Bf4 Qxd1+ 18.
Kxd1 axb4 19. Rxg2 Rxa3 20. Rxa3 bxa3 21. Nb3 a2 22.
Ke2 Na5 0-1

[Event "Late-Titled-Tuesday-Blitz-June-18-2024"]
[Site "Chess.com"]
[Date "2024.06.18"]
[Round "5"]
[White "K_A_S_T_O_R"]
[Black "ahkashefi2800"]
[Result "1-0"]
[WhiteElo "2837"]
[BlackElo "2617"]
[TimeControl "180+1"]
[EndTime "14:55:17 PDT"]
[Termination "K_A_S_T_O_R won on time"]

1. e4 c6 2. d4 d5 3. exd5 cxd5 4. c4 e6 5. Nc3 Nf6 6. Nf3 Bb4 7.
cxd5 Nxd5 8. Qc2 O-O 9. Bd3 h6 10.
O-O Bxc3 11. bxc3 b6 12. Ne5 Bb7 13. Ba3 Qg5 14. Bh7+ Kh8 15. Bxf8 Qh5 16. g4 Nf4 17. f3 Qxe5 18. dxe5 Nd7 19. Bd6 g6 20. Qd2 Nd5 21. Qxh6 1-0

[Event "Late-Titled-Tuesday-Blitz-June-18-2024"]
[Site "Chess.com"]
[Date "2024.06.18"]
[Round "5"]
[White "OIAM03"]
[Black "micke12a"]
[Result "0-1"]
[WhiteElo "2043"]
[BlackElo "2382"]
[TimeControl "180+1"]
[EndTime "14:55:21 PDT"]
[Termination "micke12a won on time"]

1. e4 c5 2. c3 e6 3. d4 Nc6 4. Nf3 d5 5. exd5 exd5 6. Bb5 Nf6 7. O-O cxd4 8. cxd4 Be7 9. Ne5 Qb6 10. Nc3 O-O 11.
Bxc6 bxc6 12. Qc2 Re8 13. Rd1 Bb7 14. Na4 Qb5 15. Nc5 Bxc5 16. a4 Qa5 0-1

[Event "Late-Titled-Tuesday-Blitz-June-18-2024"]
[Site "Chess.com"]
[Date "2024.06.18"]
[Round "5"]
[White "WildTricks"]
[Black "elis06"]
[Result "1-0"]
[WhiteElo "2707"]
[BlackElo "2362"]
[TimeControl "180+1"]
[EndTime "14:55:22 PDT"]
[Termination "WildTricks won by checkmate"]

1. e4 c6 2. d4 d5 3. e5 Bf5 4. Nf3 e6 5. Be2 Nd7 6. O-O Ne7 7. Nbd2 c5 8. c4 dxc4 9. Nxc4 Nc6 10.
Bg5 Be7 11. Nd6+ Kf8 12. Nxb7 Qb6 13. Bxe7+ Kxe7 14. Nxc5 Nxc5 15. dxc5 Qxc5 16. Rc1 Qb4 17. Rxc6 Rhd8 18. Qb3 Qxb3 19. axb3 Rab8 20. Bc4 Be4 21. Rc7+ Kf8 22. Ng5 Bg6 23. Bxe6 fxe6 24. Nxe6+ Ke8 25.
Nxg7+ Kf8 26. Ne6+ Kg8 27. Nxd8 Rxd8 28. Rxa7 Rd2 29. h3 Rxb2 30. Rc1 Rxb3 31. Rc8+ Be8 32. Rxe8# 1-0

[Event "Late-Titled-Tuesday-Blitz-June-18-2024"]
[Site "Chess.com"]
[Date "2024.06.18"]
[Round "5"]
[White "amylazy"]
[Black "cedchass2006"]
[Result "1-0"]
[WhiteElo "2470"]
[BlackElo "2323"]
[TimeControl "180+1"]
[EndTime "14:55:39 PDT"]
[Termination "amylazy won by checkmate"]

1. d4 Nf6 2. Nf3 e6 3. e3 Ke7 4. Bd3 g6 5. O-O Bg7 6. e4 h6 7. c4 Re8 8. e5 Nh7 9. h4 Kf8 10. h5 Ng5 11. Nxg5 hxg5 12. hxg6 Nc6 13. gxf7 Kxf7 14. Qh5+ Kg8 15. Bh7+ Kf8 16. Bxg5 Ne7 17. Qf3+ Nf5 18. Bxd8 Rxd8 19. g4 Ke7 20. gxf5 Rh8 21.
f6+ Kf8 22. Qh5 Bxf6 23. exf6 Rxh7 24. Qxh7 Ke8 25. Qg8# 1-0

[Event "Late-Titled-Tuesday-Blitz-June-18-2024"]
[Site "Chess.com"]
[Date "2024.06.18"]
[Round "5"]
[White "Bugcrusher"]
[Black "lupta_robin"]
[Result "1/2-1/2"]
[WhiteElo "2397"]
[BlackElo "2608"]
[TimeControl "180+1"]
[EndTime "14:55:44 PDT"]
[Termination "Game drawn by agreement"]

1. d4 d5 2. c4 c6 3. Nf3 Nf6 4. e3 e6 5. Nc3 Nbd7 6. Be2 dxc4 7. a4 Bd6 8. O-O O-O 9. Nd2 e5 10. Nxc4 Bc7 11. a5 Re8 12. d5 cxd5 13. Nxd5 Nxd5 14. Qxd5 Nf6 15. Qxd8 Rxd8 16. Bd2 Bg4 17. f3 Be6 18.
Bc3 Nd7 19. Rfd1 f6 20. Nd6 Nc5 21. Nb5 Rdc8 22. Nxc7 Rxc7 23. Rd6 Kf7 24. Rad1 Rac8 25. Kf2 h5 26. a6 Nxa6 27. Bxa6 bxa6 28. Rxa6 Bc4 29. Rad6 Bb5 30. Rd8 Rxd8 31. Rxd8 a6 32. e4 Rd7 33. Rxd7+ Bxd7 34. Ke3 Bb5 35. g3 1/2-1/2

[Event "Late-Titled-Tuesday-Blitz-June-18-2024"]
[Site "Chess.com"]
[Date "2024.06.18"]
[Round "5"]
[White "Gyulamiryan-koryun"]
[Black "campochess"]
[Result "0-1"]
[WhiteElo "1662"]
[BlackElo "2186"]
[TimeControl "180+1"]
[EndTime "14:55:49 PDT"]
[Termination "campochess won by checkmate"]

1. e4 c5 2. Nf3 Nc6 3. d4 cxd4 4.
Nxd4 Qb6 5. c3 Nf6 6. Qd3 a6 7. Be2 e5 8. Nf5 d5 9. exd5 Bxf5 10. Qxf5 Nxd5 11. O-O Be7 12. Bf3 Rd8 13. Nd2 O-O 14. Nc4 Qc7 15. Bg5 Bxg5 16. Qxg5 Nd4 17. Nxe5 f6 18.
Bxd5+ Rxd5 19. Qh4 Ne2+ 20. Kh1 Rxe5 21. Rae1 Rfe8 22.
f3 Qc5 23. g4 Nf4 24. Rd1 Rd5 25. Qg3 Rxd1 26. Rxd1 Qe3 27. g5 Qe2 28. Rg1 fxg5 29. Qxg5 Qxf3+ 30. Rg2 Re1# 0-1

[Event "Late-Titled-Tuesday-Blitz-June-18-2024"]
[Site "Chess.com"]
[Date "2024.06.18"]
[Round "5"]
[White "sudtirolese06"]
[Black "Jimonios"]
[Result "0-1"]
[WhiteElo "2463"]
[BlackElo "2647"]
[TimeControl "180+1"]
[EndTime "14:55:53 PDT"]
[Termination "Jimonios won by resignation"]

1. d4 Nf6 2. Bf4 d6 3. Nc3 g6 4.
e4 c6 5. Qd2 b5 6. f3 Nbd7 7.
Nge2 e5 8. Be3 Nb6 9. Ng3 exd4 10. Bxd4 c5 11. Bxb5+ Bd7 12. Bxd7+ Nbxd7 13. Be3 h5 14. Nd5 h4 15. Ne2 Nxd5 16. Qxd5 Rb8 17. Rb1 h3 18. g3 Ne5 19. O-O Be7 20. Nc3 Kf8 21. Qd1 Qa5 22. f4 Nc4 23. Bc1 Bf6 24. Nd5 Bd4+ 25.
Kh1 Na3 26. Ra1 Bxb2 27. Bxb2 Rxb2 28. Qg4 Rxc2 29. Qg5 Rxh2+ 30. Kg1 Rg2+ 31. Kh1 Qd2 32. Qe7+ Kg8 33. Qe8+ Kg7 0-1

[Event "Late-Titled-Tuesday-Blitz-June-18-2024"]
[Site "Chess.com"]
[Date "2024.06.18"]
[Round "5"]
[White "PhileKhoob"]
[Black "tgpgoat"]
[Result "0-1"]
[WhiteElo "2354"]
[BlackElo "2513"]
[TimeControl "180+1"]
[EndTime "14:55:55 PDT"]
[Termination "tgpgoat won by resignation"]

1. Nf3 Nf6 2. g3 e6 3. Bg2 d5 4.
O-O Be7 5. d4 O-O 6. c4 dxc4 7.
Na3 Bxa3 8. bxa3 Nc6 9. a4 a5 10. Ba3 Nb4 11. Qc1 Bd7 12. Qxc4 Nfd5 13. e4 Nb6 14.
Qb3 Bxa4 15. Qb2 Bc6 16. Ne5 Qd6 17. Nxc6 bxc6 18. e5 Qe7 19. Bxb4 axb4 20. Bxc6 Rab8 21. Bg2 Rfd8 22. Rac1 Nd5 23. Rfd1 Nc3 24. Rc2 Nxd1 0-1